 Dungeon Crawl Stone Soup version 0.28-a0-1505-g8c907de6ad (webtiles) character file.

Game seed: 2890608547069243541

780 sanka the Caller (level 7, -3/51 HPs)
             Began as a Gnoll Summoner on Jan 13, 2022.
             Engulfed by a steam dragon's steam (13 damage)
             ... on level 4 of the Dungeon.
             The game lasted 00:07:26 (4702 turns).

sanka the Caller (Gnoll Summoner)                   Turns: 4702, Time: 00:07:27

Health: -3/51      AC:  5    Str:  7    XL:     7   Next: 85%
Magic:  11/15      EV: 13    Int: 21    God:
Gold:   120        SH:  0    Dex: 12    Spells: 11/17 levels left

rFire   . . .      SeeInvis .   a - +6 mace "Acigot" {elec, rElec Int+4}
rCold   . . .      Faith    .   (no shield)
rNeg    + . .      Spirit   .   r - +0 robe
rPois   .          Reflect  .   (no helmet)
rElec   +          Harm     .   p - +2 cloak
rCorr   .          Rampage  .   (no gloves)
Will    .....                   (no boots)
Stlth   +++.......              (no amulet)
HPRegen 0.17/turn               (no ring)
MPRegen 0.14/turn               j - ring of positive energy

@: no status effects
A: fangs 1, strong nose, distributed training
a: no special abilities


You were on level 4 of the Dungeon.
You visited 1 branch of the dungeon, and saw 4 of its levels.

You collected 120 gold pieces.


Innate Abilities, Weirdness & Mutations

You have very sharp teeth.
Your uncanny sense of smell can sniff out nearby items.
Your experience applies equally to all skills.


   Skills:
 + Level 2.7 Fighting
 + Level 2.7 Short Blades
 + Level 2.7 Long Blades
 + Level 2.7 Axes
 + Level 2.7 Maces & Flails
 + Level 2.7 Polearms
 + Level 2.7 Staves
 + Level 2.7 Slings
 + Level 2.7 Bows
 + Level 2.7 Crossbows
 + Level 2.7 Throwing
 + Level 2.7 Armour
 + Level 5.4 Dodging
 + Level 5.0 Stealth
 + Level 2.7 Shields
 + Level 2.7 Unarmed Combat
 + Level 5.7 Spellcasting
 + Level 2.2 Conjurations
 + Level 2.2 Hexes
 + Level 7.5 Summonings
 + Level 2.2 Necromancy
 + Level 2.2 Translocations
 + Level 2.2 Transmutations
 + Level 2.2 Fire Magic
 + Level 2.2 Ice Magic
 + Level 2.2 Air Magic
 + Level 2.2 Earth Magic
 + Level 2.2 Poison Magic
 + Level 3.0 Invocations
 + Level 2.7 Evocations


You had 11 spell levels left.
You knew the following spells:

 Your Spells              Type           Power      Damage    Failure   Level
c - Call Canine Familiar  Summ           37%        N/A       1%          3
x - Call Imp              Summ           37%        N/A       1%          2
z - Summon Small Mammal   Summ           100%       N/A       1%          1

Your spell library contained the following spells:

 Spells                   Type           Power      Damage    Failure   Level
 Summon Guardian Golem    Hex/Summ       26%        N/A       4%          3
 Gell's Gravitas          Tloc           15%        N/A       12%         3
 Lesser Beckoning         Tloc           15%        N/A       12%         3
 Teleport Other           Tloc           15%        N/A       12%         3
 Summon Lightning Spire   Summ/Air       26%        N/A       14%         4

Inventory:

Hand Weapons
 a - the +6 mace "Acigot" (weapon) {elec, rElec Int+4}

   It occasionally discharges a powerful burst of electricity upon striking a
   foe.
   Int:       It affects your intelligence (+4).
   rElec:     It insulates you from electricity.
 o - a +2 dagger of holy wrath
 q - a +3 quarterstaff of chaos
Armour
 h - a +0 buckler
 p - a +2 cloak (worn)
 r - a +0 robe (worn)
Jewellery
 j - a ring of positive energy (right hand)
Wands
 e - a wand of flame (11)
Scrolls
 b - 4 scrolls of teleportation {unknown}
 d - 3 scrolls of identify {unknown}
 i - a scroll of fear {unknown}
 l - 2 scrolls of immolation {unknown}
 n - a scroll of enchant weapon {unknown}
 t - a scroll of magic mapping {unknown}
Potions
 c - a potion of curing {unknown}
 f - a potion of flight {unknown}
 g - a potion of heal wounds {unknown}
 k - a potion of degeneration {unknown}
 m - 2 potions of berserk rage {unknown}
 s - a potion of might {unknown}
 u - 2 potions of brilliance {unknown}
 v - a potion of lignification {unknown}
 w - a potion of haste {unknown}

Dungeon Overview and Level Annotations

Branches:
Dungeon (4/15)
 Temple: D:4-7

Altars:
Elyvilon

▒▒▒.▒▒.▒ .▒ ▒. ▒
▒...▒▒.▒ ▒▒)▒ ▒.▒▒.
▒▒ ▒.▒▒▒▒.▒ ▒..
..... .▒▒▒ ▒.▒ ▒.▒
▒▒▒.▒ ▒▒▒ ...▒▒▒.▒▒
▒.. ...▒
.▒.▒▒...▒▒▒▒▒▒▒▒..▒
▒▒...............h▒
▒.▒▒....▒▒▒▒▒▒▒.D▒
▒.▒▒▒....▒ ▒g.▒ ▒.▒
▒▒▒.▒▒ ▒#.▒ ▒.▒ ▒.▒
▒.#▒ ▒.▒▒▒▒▒▒▒▒ ▒.▒
▒.▒ ▒##▒ ▒.........
.▒.▒▒▒▒▒.▒ ▒##▒
▒▒.▒▒▒▒.▒▒
.......▒.▒ ▒▒▒.?▒
▒.▒ ▒.▒ .........▒
▒....▒ ▒.▒ ▒.▒
.▒▒▒†▒▒▒.▒ ▒.▒..▒
▒.▒ ▒.▒ ..>..▒ ▒.▒
▒.▒..▒ ▒.▒ ▒.▒


You could see a steam dragon (catching breath, ally target) and a friendly hound
(summoned).


Message History

The steam dragon bites you.
* * * LOW HITPOINT WARNING * * *
The steam dragon closely misses you.
Your hound bites the steam dragon.
The steam dragon bites you but does no damage.
The steam dragon closely misses you.
Unknown command.
Unknown command.
Unknown command.
You closely miss the steam dragon. Your punch misses the steam dragon.
The steam dragon is moderately wounded.
Your hound bites the steam dragon.
Your hound bites the steam dragon.
The steam dragon breathes steam at you.
The ball of steam hits you but does no damage.
Unknown command.
Unknown command.
Unknown command.
Unknown command.
Your hound bites the steam dragon.
The steam dragon breathes steam at you. The ball of steam misses you.
Your hound bites the steam dragon but does no damage.
Unknown command.
Unknown command.
You hit the steam dragon.
The steam dragon is severely wounded.
You are engulfed in a cloud of scalding steam.
You die...

Action                   |  1- 3 |  4- 6 |  7- 9 || total
-------------------------+-------+-------+-------++-------
Melee: Unarmed           |     8 |       |       ||     8
       Bite              |     8 |     5 |     4 ||    17
       Dagger            |    29 |     5 |       ||    34
       Short sword       |    46 |    23 |       ||    69
       Punch             |     1 |       |       ||     1
       Mace              |       |    56 |    33 ||    89
 Cast: Summon Small Mamm |    19 |       |       ||    19
       Call Imp          |     3 |    10 |     4 ||    17
       Call Canine Famil |     1 |     7 |     4 ||    12
 Stab: Sleeping          |     9 |    12 |     3 ||    24
Armor: Robe              |    24 |    15 |     9 ||    48
Dodge: Dodged            |    55 |    46 |    17 ||   118

Levels and vault maps discovered:
D:1:      ncdulo_watergridlock, layout_basic,
          dreamdust_ecumenical_altar_statues, ebering_dispersal_statue_hall,
          feat_on_display
D:2:      layout_basic, uniq_crazy_yiuf_cottage, uniq_sigmund, uniq_terence
D:3:      layout_loops_ring, elyvilon_altar_5, uniq_natasha
D:4:      layout_loops_ring, minmay_shop_damaged, uniq_grinder, uniq_edmund

Notes
Turn   | Place    | Note
-------+----------+-------------------------------------------
     0 | D:1      | sanka the Gnoll Summoner began the quest for the Orb.
     0 | D:1      | Reached XP level 1. HP: 13/13 MP: 6/6
   326 | D:1      | Found a faded altar of an unknown god.
   422 | D:1      | Reached XP level 2. HP: 7/19 MP: 4/7
   780 | D:1      | Learned a level 2 spell: Call Imp
  1349 | D:1      | Reached XP level 3. HP: 25/25 MP: 9/9
  1380 | D:1      | Reached skill level 5 in Spellcasting
  1567 | D:2      | Noticed Sigmund
  1573 | D:2      | Learned a level 3 spell: Call Canine Familiar
  1634 | D:2      | Killed Sigmund
  1635 | D:2      | Reached skill level 1 in Fighting
  1635 | D:2      | Reached skill level 1 in Short Blades
  1635 | D:2      | Reached skill level 1 in Long Blades
  1635 | D:2      | Reached skill level 1 in Axes
  1635 | D:2      | Reached skill level 1 in Maces & Flails
  1635 | D:2      | Reached skill level 1 in Polearms
  1635 | D:2      | Reached skill level 1 in Staves
  1635 | D:2      | Reached skill level 1 in Slings
  1635 | D:2      | Reached skill level 1 in Bows
  1635 | D:2      | Reached skill level 1 in Crossbows
  1635 | D:2      | Reached skill level 1 in Throwing
  1635 | D:2      | Reached skill level 1 in Armour
  1635 | D:2      | Reached skill level 1 in Shields
  1635 | D:2      | Reached skill level 1 in Unarmed Combat
  1635 | D:2      | Reached skill level 1 in Conjurations
  1635 | D:2      | Reached skill level 1 in Hexes
  1635 | D:2      | Reached skill level 1 in Necromancy
  1635 | D:2      | Reached skill level 1 in Translocations
  1635 | D:2      | Reached skill level 1 in Transmutations
  1635 | D:2      | Reached skill level 1 in Fire Magic
  1635 | D:2      | Reached skill level 1 in Ice Magic
  1635 | D:2      | Reached skill level 1 in Air Magic
  1635 | D:2      | Reached skill level 1 in Earth Magic
  1635 | D:2      | Reached skill level 1 in Poison Magic
  1635 | D:2      | Reached skill level 1 in Invocations
  1635 | D:2      | Reached skill level 1 in Evocations
  1635 | D:2      | Reached XP level 4. HP: 26/32 MP: 4/11
  1635 | D:2      | Reached XP level 5. HP: 31/37 MP: 4/12
  2132 | D:2      | Noticed Terence
  2151 | D:2      | Killed Terence
  2152 | D:2      | Reached skill level 2 in Invocations
  2152 | D:2      | Reached XP level 6. HP: 16/44 MP: 7/13
  2737 | D:2      | Found a runed translucent door.
  2738 | D:2      | Noticed Crazy Yiuf
  2945 | D:2      | Killed Crazy Yiuf
  2946 | D:2      | Reached skill level 5 in Dodging
  2969 | D:2      | Identified the +6 mace "Acigot" {elec, rElec Int+4}
  3274 | D:3      | Noticed Natasha
  3279 | D:3      | Found a white marble altar of Elyvilon.
  3284 | D:3      | Killed Natasha
  3285 | D:3      | Reached skill level 2 in Fighting
  3285 | D:3      | Reached skill level 2 in Short Blades
  3285 | D:3      | Reached skill level 2 in Long Blades
  3285 | D:3      | Reached skill level 2 in Axes
  3285 | D:3      | Reached skill level 2 in Maces & Flails
  3285 | D:3      | Reached skill level 2 in Polearms
  3285 | D:3      | Reached skill level 2 in Staves
  3285 | D:3      | Reached skill level 2 in Slings
  3285 | D:3      | Reached skill level 2 in Bows
  3285 | D:3      | Reached skill level 2 in Crossbows
  3285 | D:3      | Reached skill level 2 in Throwing
  3285 | D:3      | Reached skill level 2 in Armour
  3285 | D:3      | Reached skill level 2 in Shields
  3285 | D:3      | Reached skill level 2 in Unarmed Combat
  3285 | D:3      | Reached skill level 2 in Evocations
  3724 | D:3      | Noticed Natasha
  3734 | D:3      | Killed Natasha
  3820 | D:3      | Noticed Natasha
  3897 | D:3      | Killed Natasha
  4021 | D:4      | Reached XP level 7. HP: 48/50 MP: 15/15
  4267 | D:4      | Noticed Grinder
  4271 | D:4      | Paralysed by Grinder for 6 turns
  4289 | D:4      | Paralysed by Grinder for 2 turns
  4291 | D:4      | Killed Grinder
  4292 | D:4      | Reached skill level 5 in Stealth
  4292 | D:4      | Reached skill level 2 in Conjurations
  4292 | D:4      | Reached skill level 2 in Hexes
  4292 | D:4      | Reached skill level 2 in Necromancy
  4292 | D:4      | Reached skill level 2 in Translocations
  4292 | D:4      | Reached skill level 2 in Transmutations
  4292 | D:4      | Reached skill level 2 in Fire Magic
  4292 | D:4      | Reached skill level 2 in Ice Magic
  4292 | D:4      | Reached skill level 2 in Air Magic
  4292 | D:4      | Reached skill level 2 in Earth Magic
  4292 | D:4      | Reached skill level 2 in Poison Magic
  4538 | D:4      | Reached skill level 3 in Invocations
  4689 | D:4      | Noticed a steam dragon
  4702 | D:4      | Engulfed by a steam dragon's steam

Vanquished Creatures
  Grinder (D:4)
  A hound (D:4)
  A jelly (D:4)
  An orc wizard (D:3)
  Natasha (twice) (D:3)
  2 adders
  An adder skeleton (D:4)
  2 worms
  2 dart slugs (D:2)
  5 orcs
  4 endoplasms
  5 giant cockroaches
  5 goblins
  2 hobgoblins
  2 kobolds (D:3)
  5 quokkas
  7 ball pythons
  4 bats
  A frilled lizard (D:3)
  6 rats
59 creatures vanquished.

Vanquished Creatures (collateral kills)
  Sigmund (D:2)
  An ogre (D:4)
  Crazy Yiuf (D:2)
  Natasha (D:3)
  Terence (D:2)
  2 adders
  3 worms
  3 endoplasms (D:1)
  A giant cockroach (D:1)
  A hobgoblin (D:1)
  A ball python (D:4)
  2 frilled lizards (D:1)
  3 kobolds
  A rat (D:1)
22 creatures vanquished.

Grand Total: 81 creatures vanquished
